 Dungeon Crawl Stone Soup version 0.24-a0-459-g225fefd (webtiles) character file.

Game seed: 8793319329505793146

77 Cryolive the Charmwright (level 4, 0/34 HPs)
             Began as a Merfolk Skald on June 29, 2019.
             Succumbed to an adder's poison
             ... on level 1 of the Dungeon.
             The game lasted 00:11:05 (2119 turns).

Cryolive the Charmwright (Merfolk Skald)            Turns: 2119, Time: 00:11:05

Health: 0/34       AC:  3    Str: 11    XL:     4   Next: 34%
Magic:  7/7        EV: 13    Int: 13    God:
Gold:   87         SH:  0    Dex: 13    Spells: 2/8 levels left

rFire    . . .     SeeInvis .   a - +0 spear
rCold    . . .     Gourm    .   (no shield)
rNeg     . . .     Faith    .   b - +0 leather armour
rPois    .         Spirit   .   (no helmet)
rElec    .         Reflect  .   (no cloak)
rCorr    .         Harm     .   (no gloves)
MR       .....                  (no boots)
Stlth    +.........             (no amulet)
HPRegen  0.11/turn              (no ring)
MPRegen  0.10/turn              (no ring)

@: lethally poisoned (0 -> -5)
A: change form in water, swift swim, stealthy swim
a: no special abilities


You were on level 1 of the Dungeon.
You were hungry.

You visited 1 branch of the dungeon, and saw 2 of its levels.

You collected 87 gold pieces.

Inventory:

Hand Weapons
 a - a +0 spear (weapon)
Missiles
 c - 57 stones (quivered)
Armour
 b - a +0 leather armour (worn)
Jewellery
 i - a +3 ring of dexterity {unknown}
Scrolls
 f - 2 scrolls of remove curse {unknown}
 j - a scroll of fear {unknown}
 k - 2 scrolls of identify {unknown}
 m - a scroll of enchant weapon {unknown}
 o - a scroll of magic mapping {unknown}
Potions
 e - a potion of degeneration {unknown}
 g - a potion of cancellation {unknown}
 h - 3 potions of agility {unknown}
 l - a potion of magic {unknown}
 n - a potion of brilliance {unknown}
Comestibles
 d - 3 rations


   Skills:
 + Level 2.5 Fighting
 + Level 3.6 Polearms
 + Level 1.0 Armour
 + Level 3.2 Dodging
 + Level 1.3 Stealth
 * Level 2.5 Spellcasting
 * Level 3.8 Charms


You had 2 spell levels left.
You knew the following spells:

 Your Spells              Type           Power        Failure   Level  Hunger
a - Infusion              Chrm           ##..         6%          1    #......
b - Song of Slaying       Chrm           ##......     10%         2    ###....
c - Spectral Weapon       Hex/Chrm       #.......     41%         3    ###....

Your spell library contained the following spells:

 Spells                   Type           Power        Failure   Level  Hunger
 Shroud of Golubria       Chrm/Tloc      #.....       22%         2    ###....
 Regeneration             Chrm/Necr      #.........   41%         3    ###....


Dungeon Overview and Level Annotations

Branches:
Dungeon (2/15)

Altars:
Kikubaaqudgha


Message History

* * * LOW HITPOINT WARNING * * *
You are lethally poisoned!
The adder poisons you!
You climb upwards.
* * * LOW HITPOINT WARNING * * *
You feel sick.
There is a stone staircase leading down here.
* * * LOW HITPOINT WARNING * * *
You feel sick. The adder barely misses you.
* * * LOW HITPOINT WARNING * * *
You feel sick.
* * * LOW HITPOINT WARNING * * *
You feel sick. The adder completely misses you.
* * * LOW HITPOINT WARNING * * *
You feel sick.
* * * LOW HITPOINT WARNING * * *
You feel sick. The adder closely misses you.
You die...

#..#.#.#.#..# #.##..#
#...........# #.###.####
#..#.#.#.#..# ##.###....#
#...........######...#####..
#.##).####.......#...#####..
#....## #######.#....)..#..
####.# #......#...###.#..
######.######.######...# #.#..
#.........)..@.S.......###.###
#.#####.....##........>.##....
#.# ##....########.##..#####
#.# #....# #.######..# #.#
#....# ###.#######.. #.#
#....# #........#### #.#
#....# #........# # #.# #....#
#..>.....# #
#.################........# #


You could see an adder.

Vanquished Creatures
  3 gnolls (D:1)
  An adder (D:1)
  A worm (D:1)
  2 leopard geckos (D:1)
  7 bats
  A giant cockroach (D:1)
  5 goblins
  2 hobgoblins (D:1)
  3 jackals (D:1)
  A ball python (D:2)
  2 frilled lizards (D:1)
  6 kobolds (D:1)
  2 rats (D:1)
36 creatures vanquished.

Notes
Turn   | Place    | Note
-------+----------+-------------------------------------------
     0 | D:1      | Cryolive the Merfolk Skald began the quest for the Orb.
     0 | D:1      | Reached XP level 1. HP: 16/16 MP: 3/3
   242 | D:1      | Reached XP level 2. HP: 19/22 MP: 5/5
   797 | D:1      | Reached XP level 3. HP: 20/28 MP: 6/6
   801 | D:1      | Learned a level 2 spell: Song of Slaying
   805 | D:1      | Learned a level 3 spell: Spectral Weapon
  1496 | D:1      | Reached skill level 1 in Stealth
  1507 | D:1      | Reached skill level 1 in Armour
  1736 | D:1      | Reached XP level 4. HP: 16/34 MP: 7/7
  1956 | D:2      | Found an ancient bone altar of Kikubaaqudgha.
  2117 | D:1      | HP: 1/34 [poisoned by an adder]
  2119 | D:1      | Succumbed to an adder's poison

Levels and vault maps discovered:
D:1:      ncdulo_smallfort, layout_rooms, serial_co_window_serial,
          co_window_paths_b, co_window_of_opportunity_a, co_window_corner_a,
          co_window_corner_a, co_window_corner_a, co_window_unsneaky_path_b,
          co_window_corner_b, co_window_unsneaky_path_e, co_window_cross_4,
          co_window_corner_b, co_window_unsneaky_path_b, co_window_2corner,
          glass_columns_c, glass_columns_b, glass_columns_b, glass_columns_a,
          glass_columns_b, minmay_pentomino_z2
D:2:      layout_rooms, kiku_gazebo_garden_becter, lightli_temple_of_fire,
          nicolae_overflow_crystal_walls

Skill      XL: |  1  2  3 |
---------------+----------+-----
Dodging        | 3 |  3.2
Stealth        | 1 |  1.3
Armour         | 1 |  1.0
Fighting       | |  2.5
Polearms       | |  3.6
Spellcasting   | |  2.5
Charms         | |  3.8

Action                   |  1- 3 |  4- 6 || total
-------------------------+-------+-------++-------
Melee: Spear             |   146 |    58 ||   204
 Cast: Infusion          |     3 |       ||     3
 Stab: Sleeping          |     1 |     1 ||     2
  Eat: Ration            |     1 |       ||     1
Armor: Leather armour    |    38 |     4 ||    42
Dodge: Dodged            |    82 |    18 ||   100

Table legend:
 A = Non-vault XP
 B = Vault XP
 C = Vault XP percentage of total XP
 D = Non-vault monster count
 E = Vault monster count
 F = Vault count percentage of total count
                 A         B        C        D         E       F
            +---------+---------+-------+---------+---------+-------
      Total |     107 |       4 |   3.6 |      34 |       2 |   5.6
            +---------+---------+-------+---------+---------+-------
        D:1 |     100 |       4 |   3.8 |      29 |       2 |   6.5
        D:2 |       7 |       0 |   0.0 |       5 |       0 |   0.0
            +---------+---------+-------+---------+---------+-------
